 Dungeon Crawl Stone Soup version 0.25.0-37-gb73750e0fb (webtiles) character file.

Game seed: 10661508026098564193

82 xccam the Sneak (level 4, -2/29 HPs)
             Began as an Octopode Assassin on July 8, 2020.
             Asphyxiated
             ... on level 3 of the Dungeon.
             The game lasted 00:01:53 (2127 turns).

xccam the Sneak (Octopode Assassin)                 Turns: 2127, Time: 00:01:53

Health: -2/29      AC:  1    Str: 10    XL:     4   Next: 43%
Magic:  4/4        EV: 13    Int: 13    God:
Gold:   138        SH:  0    Dex: 14    Spells: 3/3 levels left

rFire    . . .     SeeInvis .   a - +2 dagger
rCold    . . .     Gourm    .   (no shield)
rNeg     . . .     Faith    .   (helmet restricted)
rPois    .         Spirit   .   (no amulet)
rElec    .         Reflect  .   (no ring)
rCorr    .         Harm     .   (no ring)
MR       .....                  (no ring)
Stlth    ++++......             (no ring)
HPRegen  0.09/turn              (no ring)
MPRegen  0.09/turn              (no ring)
                                (no ring)
                                (no ring)

@: lethally poisoned (-2 -> -31), stab, slowed, very slow
A: almost no armour, stealthy swim, amphibious, 8 rings, constrict 8, camouflage
1, gelatinous body 1
a: no special abilities


You were on level 3 of the Dungeon.
You were not hungry.

You visited 1 branch of the dungeon, and saw 3 of its levels.

You collected 138 gold pieces.

Inventory:

Hand Weapons
 a - a +2 dagger (weapon)
Missiles
 b - 21 poisoned darts (quivered)
 c - 9 curare-tipped darts
Scrolls
 g - 2 scrolls of enchant weapon {unknown}
 h - 2 scrolls of identify {unknown}
 i - 2 scrolls of teleportation {unknown}
 j - a scroll of fear {unknown}
 k - 3 scrolls of enchant armour {unknown}
 n - a scroll of blinking {unknown}
Potions
 e - a potion of brilliance {unknown}
 l - a potion of stabbing
 m - a potion of curing {unknown}
 o - a potion of mutation {unknown}
Comestibles
 d - 2 rations


   Skills:
 - Level 2.0 Fighting
 + Level 4.5 Short Blades
 - Level 2.0 Throwing
 - Level 1.0 Dodging
 - Level 5.3 Stealth


You had 3 spell levels left.
You didn't know any spells.
Your spell library was empty.

Dungeon Overview and Level Annotations

Branches:
Dungeon (3/15)

Altars:


Innate Abilities, Weirdness & Mutations

You cannot wear most types of armour.
You are very stealthy in the water. (Stealth+)
You are amphibious.
You can wear up to eight rings at the same time.
You can use your tentacles to constrict eight enemies at once.
Your skin changes colour to match your surroundings (Stealth+).
Your rubbery body absorbs attacks. (AC +1, EV +1)


Message History

The curare-tipped dart hits you.
You are poisoned.
You have difficulty breathing.
You feel yourself slow down.
You feel sick.
The hobgoblin throws a curare-tipped dart.
The curare-tipped dart hits you.
You are lethally poisoned!
You have difficulty breathing.
You feel as though you will be slow longer.
You see here a curare-tipped dart.
It was a potion of stabbing.
You feel ready to backstab.
You feel very sick.
The hobgoblin throws a curare-tipped dart.
The curare-tipped dart completely misses you.
The hobgoblin throws a curare-tipped dart.
The curare-tipped dart hits you.
You are more poisoned.
You have difficulty breathing.
You die...

#### #...####
##...g.. #......
#..##.####.
#..........
#####..#...# ##
#.........@##.#
#.###..#......##.#
#.<..#...(.....#
#....#...##.####
......###.# ...
####.......# #.#
#.#.##### .# #.#.#
# ..#.#


You could see a hobgoblin.

Vanquished Creatures
  2 adders (D:2)
  An ooze (D:3)
  A worm (D:2)
  2 dart slugs
  3 leopard geckos (D:1)
  2 giant cockroaches
  4 goblins
  7 hobgoblins
  7 kobolds
  A quokka (D:2)
  A ball python (D:1)
  5 bats
  5 frilled lizards
  7 rats
48 creatures vanquished.

Notes
Turn   | Place    | Note
-------+----------+-------------------------------------------
     0 | D:1      | xccam the Octopode Assassin began the quest for the Orb.
     0 | D:1      | Reached XP level 1. HP: 14/14 MP: 1/1
   288 | D:1      | Reached XP level 2. HP: 19/19 MP: 2/2
   623 | D:1      | Reached XP level 3. HP: 24/24 MP: 3/3
  1413 | D:2      | Reached XP level 4. HP: 29/29 MP: 4/4
  2127 | D:3      | Asphyxiated

Illustrated notes

Levels and vault maps discovered:
D:1:      wander_arrival_peaceful_grave, layout_basic, minmay_heptomino_w4
D:2:      layout_loops_cross
D:3:      layout_basic, nicolae_overflow_crystal_walls, grunt_gozag_breadcrumbs,
          lemuel_round_altar

Skill      XL: |  1  2  3 |
---------------+----------+-----
Short Blades   | 3 4 |  4.5
Fighting       | |  2.0
Throwing       | |  2.0
Dodging        | |  1.0
Stealth        | |  5.3

Action                   |  1- 3 |  4- 6 || total
-------------------------+-------+-------++-------
Melee: Dagger            |    61 |    21 ||    82
       Constrict         |    17 |     2 ||    19
       Tentacles         |    10 |     1 ||    11
  Use: Potion            |       |     1 ||     1
 Stab: Sleeping          |    11 |     7 ||    18
  Eat: Chunk             |     1 |     3 ||     4
Armor: Skin              |     3 |     4 ||     7
Dodge: Dodged            |    26 |    19 ||    45
